 Dungeon Crawl Stone Soup version 0.31-a0-1025-g2e47921a08 (webtiles) character file.

Game seed: 448065074814251616

24 kae the Vexing (level 2, 0/19 HPs)
             Began as a Demonspawn Enchanter on Nov 17, 2023.
             Slain by a jackal (1 damage)
             ... on level 1 of the Dungeon.
             The game lasted 00:00:38 (561 turns).

kae the Vexing (Demonspawn Enchanter)                Turns: 561, Time: 00:00:39

Health: 0/19       AC:  2    Str:  8    XL:     2   Next: 79%
Magic:  4/5        EV: 12    Int: 16    God:
Gold:   26         SH:  0    Dex: 13    Spells: 3/5 levels left

rFire   . . .        a - +1 dagger
rCold   . . .        (no shield)
rNeg    . . .        b - +0 robe
rPois   .            (no helmet)
rElec   .            (no cloak)
rCorr   .            (no gloves)
SInv    .            (no boots)
Will    .....        (no amulet)
Stlth   ++           (no ring)
HPRegen 0.23/turn    (no ring)
MPRegen 0.09/turn

%: no passive effects
@: no status effects
A: powered by pain 1
a: no special abilities


You were on level 1 of the Dungeon.
You visited 1 branch of the dungeon, and saw 1 of its levels.

You collected 26 gold pieces.


Innate Abilities, Weirdness & Mutations

You sometimes gain a little power by taking damage.


   Skills:
 * Level 1.6 Short Blades
 - Level 1.7 Dodging
 + Level 2.9 Stealth
 + Level 2.2 Spellcasting
 + Level 3.2 Hexes
 + Level 0.3 Ice Magic


You had 3 spell levels left.
You knew the following spells:

 Your Spells              Type           Power      Damage    Failure   Level
a - Ensorcelled Hibernat  Hex/Ice        14%        N/A       14%         2

Your spell library contained the following spells:

 Spells                   Type           Power      Damage    Failure   Level
 Confusing Touch          Hex            12%        N/A       16%         3
 Tukima's Dance           Hex            12%        N/A       16%         3
 Dazzling Flash           Conj/Hex       12%        N/A       32%         3
 Stone Arrow              Conj/Erth      2%         3d7       52%         3
 Animate Armour           Summ/Erth      2%         N/A       90%         4
 Lehudib's Crystal Spear  Conj/Erth      0%         10d2      100%        8

Inventory:

Hand Weapons
 a - a +1 dagger (weapon)
Missiles
 e - 15 stones
Armour
 b - a +0 robe (worn)
Jewellery
 T - an amulet of faith {!P}
   (You found it on level 1 of the Dungeon)
Scrolls
 d - 4 scrolls of identify {unknown}
 f - a scroll of summoning {unknown}
 g - a scroll of teleportation {unknown}
Potions
 c - 2 potions of invisibility

Dungeon Overview and Level Annotations

Branches:
Dungeon (1/15) Zot: 5444

Altars:

#.......##..#....# #
#.#.........#.##.# #
###.#########.#.##.#########
#...............##..........
#############.####..###...##
............[...###.....
##########....#...##.####
........h#....#.#.†..#...
########@#....#..........
#h#....######.#.## #w#.####
#.#... . #)#.#########.#.##
..# #...........#..... ....
#...........###... .....
#........... ##..
......##........... #..
.....S.....######## #..


You could see a dart slug and 2 jackals.


Message History

😮 HP[-2]
You take 2 damage, and now have 14/19 hp.
The kobold attacks as it pursues you! The kobold closely misses you.
You closely miss the kobold. The kobold closely misses you.
You barely miss the kobold.
The kobold hits you but does no damage. 😕 HP[+1]
You closely miss the kobold. The kobold hits you with a +0 club.
You closely miss the kobold.
The kobold hits you with a +0 club. 😮 HP[-4]
You take 4 damage, and now have 11/19 hp.
MASSIVE DAMAGE!! (PAUSE)
You hit the kobold. The kobold completely misses you.
You barely miss the kobold. 😮 HP[+1] Unknown command.
You closely miss the kobold. The kobold misses you.
You hit the kobold.
You kill the kobold!
You closely miss the jackal.
The jackal bites you but does no damage.
Unknown command.
You hit the jackal.
The jackal bites you but does no damage. 😮 HP[+1]
You hit the jackal but do no damage. The jackal completely misses you.
You closely miss the jackal. The jackal closely misses you.
You hit the jackal.
You kill the jackal!
The jackal bites you. 😮 HP[-3]
You take 3 damage, and now have 10/19 hp.
You hit the jackal. The jackal bites you.
* * * LOW HITPOINT WARNING * * *
😨 HP[-3]
You take 3 damage, and now have 7/19 hp.
You hit the jackal but do no damage. You punch the jackal, but do no damage.
The jackal bites you.
* * * LOW HITPOINT WARNING * * *
😨 HP[-1]
You take 1 damage, and now have 6/19 hp.
You barely miss the jackal. The jackal barely misses you.
You hit the jackal but do no damage. Your punch misses the jackal.
The jackal barely misses you. The jackal bites you.
* * * LOW HITPOINT WARNING * * *
😨 HP[-1]
You take 1 damage, and now have 5/19 hp.
You closely miss the jackal. The jackal misses you.
You hit the jackal. The jackal barely misses you.
The jackal attacks as it pursues you!
The jackal closely misses you. x2 😨 HP[+1]
Casting: Ensorcelled Hibernation (safe; 16% risk of failure)
Confirm with . or Enter, or press ? or * to list all spells.
Aiming: Ensorcelled Hibernation (safe; 16% risk of failure)
Press: ? - help, Shift-Dir - straight line, f - jackal
Aim: a jackal (moderately wounded, chance to affect: 58%)
The jackal looks drowsy... 😨 MP[-2]
You lost 2 mp, and now have 3/5 mp.
The helpless jackal fails to defend itself.
You puncture the jackal!
You kill the jackal!
You closely miss the goblin. The goblin barely misses you. 😨 HP[+1]
You hit the goblin. The goblin closely misses you.
You barely miss the goblin. The goblin barely misses you.
You hit the goblin. The goblin hits you with a +0 club.
* * * LOW HITPOINT WARNING * * *
😨 HP[-1]
You take 1 damage, and now have 6/19 hp.
You barely miss the goblin. The goblin closely misses you. 😨 HP[+1]
You hit the goblin.
You kill the goblin!
The ball python bites you but does no damage.
The ball python closely misses you.
You closely miss the ball python.
The ball python bites you but does no damage.
The ball python closely misses you.
You hit the ball python.
You kill the ball python!
You hit the jackal. The jackal bites you.
* * * LOW HITPOINT WARNING * * *
😨 HP[-2]
You take 2 damage, and now have 5/19 hp.
You hit the jackal but do no damage. The jackal bites you.
* * * LOW HITPOINT WARNING * * *
😱 HP[-2] MP[+1]
You take 2 damage, and now have 3/19 hp.
The jackal closely misses you. The jackal barely misses you.
The jackal closely misses you.
Things that are here:
a +0 club; a goblin corpse; a jackal corpse You hit the jackal but do no damage.
The jackal bites you.
* * * LOW HITPOINT WARNING * * *
The jackal bites you.
* * * LOW HITPOINT WARNING * * *
😱 HP[-2]
You take 2 damage, and now have 1/19 hp.
You barely miss the jackal. The jackal barely misses you. The jackal bites you.
You die...

Skill      XL: |  1 |
---------------+----+-----
Short Blades   | 1 |  1.6
Dodging        | |  1.7
Stealth        | |  2.9
Spellcasting   | |  2.2
Hexes          | |  3.2
Ice Magic      | |  0.3

Action                     || total
---------------------------++-------
  Melee: Dagger            ||    92
         Punch             ||     1
   Cast: Ensorcelled Hiber ||     1
   Stab: Sleeping          ||     6
 Armour: Robe              ||    49
  Dodge: Dodged            ||    73

Levels and vault maps discovered:
D:1:      giann_forest_graveyard, layout_basic

Notes
Turn   | Place    | Note
-------+----------+-------------------------------------------
     0 | D:1      | kae the Demonspawn Enchanter began the quest for the Orb.
     0 | D:1      | Reached XP level 1. HP: 13/13 MP: 3/3
     0 | D:1      | magus.rc [v1.11.3]
    11 | D:1      | Reached skill level 1 in Short Blades
    61 | D:1      | HP: 3/13 [hobgoblin (4)]
    67 | D:1      | HP: 3/13 [bat (1)]
   246 | D:1      | Gained mutation: You sometimes gain a little power by
                  | taking damage. [demonic ancestry]
   246 | D:1      | Reached XP level 2. HP: 19/19 MP: 5/5
   249 | D:1      | Learned a level 2 spell: Ensorcelled Hibernation
   254 | D:1      | You pick up a book of Armaments and begin reading...
   254 | D:1      | You add the spells Stone Arrow, Animate Armour and
                  | Lehudib's Crystal Spear to your library.
   558 | D:1      | HP: 3/19 [jackal (3)]
   560 | D:1      | HP: 1/19 [jackal (1)]
   561 | D:1      | Slain by a jackal

Vanquished Creatures
  A dart slug (D:1)
  3 ball pythons (D:1)
  2 endoplasms (D:1)
  2 giant cockroaches (D:1)
  2 goblins (D:1)
  A hobgoblin (D:1)
  2 jackals (D:1)
  2 bats (D:1)
  A frilled lizard (D:1)
  3 kobolds (D:1)
  2 rats (D:1)
21 creatures vanquished.

Table legend:
 A = Non-vault XP
 B = Vault XP
 C = Vault XP percentage of total XP
 D = Non-vault monster count
 E = Vault monster count
 F = Vault count percentage of total count
                 A         B        C        D         E       F
            +---------+---------+-------+---------+---------+-------
      Total |      35 |       0 |   0.0 |      21 |       0 |   0.0
            +---------+---------+-------+---------+---------+-------
        D:1 |      35 |       0 |   0.0 |      21 |       0 |   0.0
            +---------+---------+-------+---------+---------+-------

Skill      XL: |  1 |
---------------+----+-----
Short Blades   | 1 |  1.6
Dodging        | |  1.7
Stealth        | |  2.9
Spellcasting   | |  2.2
Hexes          | |  3.2
Ice Magic      | |  0.3

Action                     || total
---------------------------++-------
  Melee: Dagger            ||    92
         Punch             ||     1
   Cast: Ensorcelled Hiber ||     1
   Stab: Sleeping          ||     6
 Armour: Robe              ||    49
  Dodge: Dodged            ||    73

Illustrated notes

Table legend:
 A = Kills in this place as a percentage of kills in the entire game.
 B = Kills by you in this place as a percentage of kills by you in the entire game.
 C = Kills by friends in this place as a percentage of kills by friends in the entire game.
 D = Other kills in this place as a percentage of other kills in the entire game.
 E = Experience gained in this place as a percentage of experience gained in the entire game.
 F = Experience gained in this place divided by the number of levels of this place that you have seen.
                   A       B       C       D       E      F
               +-------+-------+-------+-------+-------+----------------------
         Total | 100.0 | 100.0 |   N/A |   N/A | 100.0 |  35.0
       Dungeon | 100.0 | 100.0 |   N/A |   N/A | 100.0 |  35.0
               +-------+-------+-------+-------+-------+----------------------

Table legend: (Time is in decaauts)
 A = Elapsed time spent in this place.
 B = Non-inter-level travel time spent in this place.
 C = Inter-level travel time spent in this place.
 D = Time resting spent in this place.
 E = Time spent auto-exploring this place.
 F = Levels seen in this place.
 G = Mean time per level.
                   A        B        C        D        E       F      G
               +--------+--------+--------+--------+--------+-----+--------+
         Total |    555 |    555 |      0 |     30 |    363 |   1 |  555.0 |
       Dungeon |    555 |    555 |      0 |     30 |    363 |   1 |  555.0 |
               +--------+--------+--------+--------+--------+-----+--------+

Top non-repeatable levels by time:
     D:1: 555 daAuts
